 Dungeon Crawl Stone Soup version 0.19.0-9-gfd783f2 (webtiles) character file.

102 uglyjohn the Skirmisher (level 4, -5/39 HPs)
             Began as a Demonspawn Fighter on Nov 7, 2016.
             Killed from afar by Sigmund (9 damage)
             ... with a magic dart
             ... on level 3 of the Dungeon.
             The game lasted 00:02:07 (1493 turns).

uglyjohn the Skirmisher (Demonspawn Fighter)        Turns: 1493, Time: 00:02:08

Health: -5/39      AC: 13    Str: 17    XL:     4   Next: 49%
Magic:  4/4        EV:  4    Int: 10    God:
Gold:   53         SH: 14    Dex: 12    Spells: 0 memorised, 3 levels left

rFire  . . .     SeeInvis .     a - +0 war axe
rCold  . . .     Gourm    .     o - +0 chain mail
rNeg   . . .     Faith    .     c - +0 shield
rPois  .         Spirit   .     (no helmet)
rElec  .         Reflect  .     (no cloak)
rCorr  .         Harm     .     m - +2 pair of gloves {archery}
MR     .....                    e - +0 pair of boots
Stlth  ..........               (no amulet)
                                (no ring)
                                (no ring)

@: no status effects
A: claws 1, large bone plates 2
a: no special abilities


You were on level 3 of the Dungeon.
You were not hungry.

You visited 1 branch of the dungeon, and saw 3 of its levels.

You collected 53 gold pieces.

Inventory:

Hand Weapons
 a - a +0 war axe (weapon)
Armour
 b - a +0 scale mail
 c - a +0 shield (worn)
 e - a +0 pair of boots (worn)
 m - a +2 pair of gloves of archery (worn)
 o - a +0 chain mail (worn)
Jewellery
 p - an uncursed ring of protection from cold {unknown}
Scrolls
 i - 3 scrolls of identify {unknown}
 k - a scroll of blinking {unknown}
 q - a scroll of fog {unknown}
Potions
 d - 3 potions of might
 j - a potion of haste {unknown}
 l - a potion of curing {unknown}
 r - a potion of cure mutation {unknown}
Comestibles
 f - 2 bread rations
 g - 2 meat rations


   Skills:
 - Level 5.0 Fighting
 - Level 1.7 Axes
 - Level 2.6 Armour
 - Level 2.6 Shields
 + Level 1.3 Unarmed Combat


You had 3 spell levels left.
You didn't know any spells.

Dungeon Overview and Level Annotations

Branches:
Dungeon (3/15)

Altars:

Annotations:
D:3 Sigmund


Innate Abilities, Weirdness & Mutations

You have sharp fingernails.
You are mostly covered in large bone plates. (SH +6)


Message History

You hit Sigmund.
Sigmund is severely wounded.
Sigmund hits you with a scythe!
You hit Sigmund.
Sigmund is almost dead.
Sigmund hits you with a scythe!
* * * LOW HITPOINT WARNING * * *
You are too injured to fight recklessly!
You are too injured to fight recklessly!
You are too injured to fight recklessly!
You are too injured to fight recklessly!
It was a potion of cancellation.
You feel magically purged.
Sigmund gestures wildly while chanting.
Sigmund flickers and vanishes!
Deactivating autopickup; reactivate with Ctrl-A.
Your shield and chain mail prevent you from hitting something.
You hear some strange, mumbled words.
A magic dart appears from out of thin air!
The magic dart hits you!
You die...

#...#######.#
#.......##.#
#..####.##.#
##.## #.##.#
#..# #....#
##.########
#..# ##.# #@#
#...{......
#..........
#..........
#..........
#..$.......
...........
####.$..####


There were no monsters in sight!

Vanquished Creatures
  Natasha (twice) (D:2)
  2 adders (D:2)
  An ooze (D:1)
  2 dart slugs
  A leopard gecko (D:1)
  4 giant cockroaches
  5 goblins
  A hobgoblin (D:1)
  2 kobolds
  A bat (D:1)
  3 frilled lizards
  5 rats (D:2)
29 creatures vanquished.

Notes
Turn   | Place    | Note
-------+----------+-------------------------------------------
     0 | D:1      | uglyjohn the Demonspawn Fighter began the quest for the Orb.
     0 | D:1      | Reached XP level 1. HP: 18/18 MP: 1/1
   458 | D:1      | Gained mutation: You are partially covered in large bone plates. (SH +4) [demonic ancestry]
   458 | D:1      | Reached XP level 2. HP: 24/24 MP: 2/2
   807 | D:2      | Reached skill level 4 in Fighting
   850 | D:2      | Gained mutation: You are mostly covered in large bone plates. (SH +6) [demonic ancestry]
   850 | D:2      | Reached XP level 3. HP: 30/30 MP: 3/3
  1079 | D:2      | Noticed Natasha
  1087 | D:2      | Killed Natasha
  1087 | D:2      | Reached skill level 5 in Fighting
  1087 | D:2      | Gained mutation: You have sharp fingernails. [demonic ancestry]
  1087 | D:2      | Reached XP level 4. HP: 32/39 MP: 4/4
  1273 | D:2      | Noticed Natasha
  1278 | D:2      | Killed Natasha
  1278 | D:2      | Reached skill level 1 in Unarmed Combat
  1478 | D:3      | Noticed Sigmund
  1493 | D:3      | Killed from afar by Sigmund

Skill      XL: |  1  2  3  4 |
---------------+-------------+-----
Fighting       | 4 5 |  5.0
Unarmed Combat | 1 |  1.3
Axes           | |  1.7
Armour         | |  2.6
Shields        | |  2.6

Action                   |  1- 3 |  4- 6 || total
-------------------------+-------+-------++-------
Melee: War axe           |    88 |    26 ||   114
  Use: Potion            |       |     1 ||     1
  Eat: Chunk             |     1 |     1 ||     2
Armor: Scale mail        |    30 |       ||    30
       Chain mail        |     4 |     7 ||    11
Dodge: Dodged            |    19 |     2 ||    21
Block: Shield            |    79 |    16 ||    95
